 Dungeon Crawl Stone Soup version 0.21.1-1-g345015f (webtiles) character file.

405 troglodite the Skirmisher (level 6, -1/73 HPs)
             Began as a Demonspawn Berserker on Feb 13, 2018.
             Was a Believer of Trog.
             Slain by an orc
             ... wielding a +0 trident
              (6 damage)
             ... on level 4 of the Dungeon.
             The game lasted 00:14:21 (3835 turns).

troglodite the Skirmisher (Demonspawn Berserker)    Turns: 3835, Time: 00:14:22

Health: -1/73      AC:  5    Str: 22    XL:     6   Next: 56%
Magic:  6/6        EV: 13    Int:  8    God:    Trog [**....]
Gold:   190        SH:  0    Dex: 15    Spells: 5/5 levels left

rFire    . . .     SeeInvis .   a - +0 falchion
rCold    . . .     Gourm    .   (no shield)
rNeg     . . .     Faith    .   l - +0 ring mail
rPois    .         Spirit   .   (helmet restricted)
rElec    .         Reflect  .   (no cloak)
rCorr    .         Harm     .   (no gloves)
MR       .....     Clarity  +   (no boots)
Stlth    ..........             (no amulet)
HPRegen  2.22/turn              (no ring)
MPRegen  0.10/turn              (no ring)

@: berserking, very quick
A: antennae 1, clarity, mutation resistance 1, powered by death 2
a: Berserk, Trog's Hand, Burn Spellbooks, Renounce Religion


You were on level 4 of the Dungeon.
You worshipped Trog.
Trog was pleased with you.
You were very hungry.

You visited 1 branch of the dungeon, and saw 4 of its levels.

You collected 190 gold pieces.

Inventory:

Hand Weapons
 a - a +0 falchion (weapon)
 n - a +0 hunting sling
Missiles
 e - 72 stones (quivered)
 m - 54 sling bullets
Armour
 l - a +0 ring mail (worn)
Wands
 g - a wand of random effects (22)
Scrolls
 b - 2 scrolls of remove curse {unknown}
 d - a scroll of blinking {unknown}
 f - 2 scrolls of fear {unknown}
 h - a scroll of amnesia {unknown}
 i - a scroll of identify
 p - a scroll of fog {unknown}
 r - a scroll of noise {unknown}
Potions
 j - a potion of cancellation
 k - 2 potions of curing
 o - 2 potions of brilliance
Comestibles
 c - 8 rations


   Skills:
 * Level 4.4 Fighting
 + Level 4.0 Long Blades
 * Level 3.6 Armour
 * Level 3.4 Dodging
 + Level 0.4 Stealth


You had 5 spell levels left.
You didn't know any spells.

Dungeon Overview and Level Annotations

Branches:
Dungeon (4/15)
 Temple: D:4-7

Altars:
Ru
The Shining One


Innate Abilities, Weirdness & Mutations

You have a pair of small antennae on your head.
You regenerate health from kills.
You possess an exceptional clarity of mind.
You are somewhat resistant to further mutation.


Message History

* * * LOW HITPOINT WARNING * * *
You hear some strange, mumbled words.
A magic dart appears from out of thin air!
The magic dart hits you!
* * * LOW HITPOINT WARNING * * *
The orc hits you from afar with a trident.
* * * LOW HITPOINT WARNING * * *
The orc priest hits you with a mace.
* * * LOW HITPOINT WARNING * * *
You hit the orc priest.
You kill the orc priest!
Trog accepts your kill. The orc hits you but does no damage.
Something hits you but does no damage. The orc closely misses you.
You riposte.
You barely miss the orc.
The orc is almost dead.
You slash the orc!
You kill the orc!
Trog accepts your kill.
The orc hits you from afar with a trident.
You die...

+.........'...##
##.
#.........###..##
##.# #.......##
#.#.###.##
##.....##
#.##...## ##...##
#.######
######'## #.#
#.......# #.#
##.####..## #.#
......)@..# #.#
.#.##.o){.......#
.....o(.#######
#.##.....# ..
..#...# .
.......#
.####.#.# ..
....#


You could see 2 orcs.

Vanquished Creatures
  2 scorpions
  2 howler monkeys (D:4)
  An orc priest (D:4)
  An iguana (D:4)
  A worker ant (D:4)
  7 adders
  4 gnolls (D:4)
  A worm (D:2)
  4 dart slugs
  An orc (D:4)
  4 bats
  A giant cockroach (D:3)
  5 goblins
  5 hobgoblins
  3 quokkas
  3 frilled lizards
  4 kobolds
  A leopard gecko skeleton (D:4)
  5 rats
55 creatures vanquished.

Notes
Turn   | Place    | Note
-------+----------+-------------------------------------------
     0 | D:1      | troglodite the Demonspawn Berserker began the quest for the Orb.
     0 | D:1      | Reached XP level 1. HP: 18/18 MP: 1/1
   302 | D:1      | Gained mutation: You regenerate a little health from kills. [demonic ancestry]
   302 | D:1      | Reached XP level 2. HP: 24/24 MP: 2/2
  1039 | D:2      | You fall through a shaft!
  1217 | D:3      | Reached XP level 3. HP: 25/30 MP: 3/3
  1441 | D:3      | Noticed a scorpion
  1449 | D:3      | Gained mutation: Your magical capacity is low. (-10% MP) [potion of mutation]
  1449 | D:3      | Gained mutation: You are frail. (-10% HP) [potion of mutation]
  1449 | D:3      | Gained mutation: You are clumsy. (Dex -2) [potion of mutation]
  1449 | D:3      | Gained mutation: You have a pair of small horns on your head. [potion of mutation]
  1459 | D:3      | Killed a scorpion
  1459 | D:3      | Lost mutation: You have a pair of small horns on your head. [demonic ancestry]
  1459 | D:3      | Gained mutation: You have a pair of small antennae on your head. [demonic ancestry]
  1459 | D:3      | Reached XP level 4. HP: 31/33 MP: 3/3
  1767 | D:2      | Reached ** piety under Trog
  2274 | D:2      | Found a glowing golden altar of the Shining One.
  2480 | D:3      | Gained mutation: You regenerate health from kills. [demonic ancestry]
  2480 | D:3      | Reached XP level 5. HP: 37/37 MP: 4/4
  2730 | D:3      | Found a glowing golden altar of the Shining One.
  2730 | D:3      | Found a sacrificial altar of Ru.
  3141 | D:4      | Reached XP level 6. HP: 38/44 MP: 5/5
  3342 | D:4      | Lost mutation: Your magical capacity is low. (-10% MP) [potion of mutation]
  3342 | D:4      | Lost mutation: You are frail. (-10% HP) [potion of mutation]
  3342 | D:4      | Lost mutation: You are clumsy. (Dex -2) [potion of mutation]
  3342 | D:4      | Gained mutation: You possess an exceptional clarity of mind. [potion of mutation]
  3342 | D:4      | Gained mutation: You are somewhat resistant to further mutation. [potion of mutation]
  3833 | D:4      | HP: 2/73 [orc priest/mace (3)]
  3835 | D:4      | Slain by an orc

Skill      XL: |  1  2  3  4  5  6 |
---------------+-------------------+-----
Long Blades    | 3 4 |  4.0
Dodging        | 2 3 |  3.4
Armour         | 2 3 |  3.6
Fighting       | 4 |  4.4
Stealth        | |  0.4

Action                   |  1- 3 |  4- 6 || total
-------------------------+-------+-------++-------
Melee: Falchion          |    69 |   148 ||   217
       Headbutt          |     2 |       ||     2
Invok: Berserk           |     1 |     2 ||     3
  Use: Potion            |     5 |     1 ||     6
       Scroll            |       |     3 ||     3
 Stab: Sleeping          |     1 |       ||     1
  Eat: Chunk             |     2 |     9 ||    11
Armor: Ring mail         |    35 |    54 ||    89
Dodge: Dodged            |    46 |   119 ||   165
       Rpst.: Falchion   |    11 |    36 ||    47
